 Dungeon Crawl Stone Soup version 0.29-a0-791-ga0f254aafb (webtiles) character file.

Game seed: 8818277142578908556

49 Morbidden the Shooter (level 3, 25/35 HPs)
             Began as a Troll Hunter on July 3, 2022.
             Was a Follower of Makhleb.
             Quit the game on level 2 of the Dungeon.
             The game lasted 00:00:47 (673 turns).

Morbidden the Shooter (Troll Hunter)                 Turns: 673, Time: 00:00:48

Health: 25/35      AC:  4    Str: 19    XL:     3   Next: 51%
Magic:  2/2        EV: 10    Int:  5    God:    Makhleb [*.....]
Gold:   93         SH:  0    Dex: 15    Spells: 2/2 levels left

rFire   . . .      SeeInvis .   a - +0 shortbow
rCold   . . .      Faith    .   (shield currently unavailable)
rNeg    . . .      Spirit   .   c - +0 robe
rPois   .          Reflect  .   (helmet restricted)
rElec   .          Harm     .   (no cloak)
rCorr   .          Rampage  .   (gloves unavailable)
Will    .....                   (boots unavailable)
Stlth   +.........              (no amulet)
HPRegen 0.91/turn               (no ring)
MPRegen 0.08/turn               (no ring)

@: mildly poisoned (25 -> 23)
A: large, unfitting armour, claws 3, regeneration 1, shaggy fur 1, tough skin 1
a: Renounce Religion


You were on level 2 of the Dungeon.
You worshipped Makhleb.
Makhleb was aware of your devotion.
You visited 1 branch of the dungeon, and saw 2 of its levels.

You collected 93 gold pieces.

Inventory:

Hand Weapons
 a - a +0 shortbow (weapon)
Armour
 c - a +0 robe (worn)
Scrolls
 b - 2 scrolls of immolation
 e - a scroll of acquirement {unknown}
 f - a scroll of teleportation {unknown}
 g - a scroll of poison {unknown}
 h - a scroll of blinking {unknown}
 l - a scroll of fog {unknown}
Potions
 d - a potion of berserk rage {unknown}
 i - 2 potions of flight {unknown}
 j - a potion of curing {unknown}
 k - a potion of brilliance {unknown}


   Skills:
 * Level 2.2 Fighting
 * Level 3.2 Ranged Weapons
 + Level 1.7 Dodging
 + Level 0.3 Stealth
 * Level 0.3 Unarmed Combat


You had 2 spell levels left.
You didn't know any spells.
Your spell library contained the following spells:

 Spells                   Type           Power      Damage    Failure   Level
 Foxfire                  Conj/Fire      0%         2x1d4     47%         1


Dungeon Overview and Level Annotations

Branches:
Dungeon (2/15)

Altars:
Makhleb


Innate Abilities, Weirdness & Mutations

You are too large for most types of armour.
You have claws for hands.
Your natural rate of healing is unusually fast.
You are covered in fur. (AC +1)
You have tough skin. (AC +1)


Message History

Key pressed, stopping explore.
No target in view!
Unknown command.
Unknown command.
No target in view!
You now have 93 gold pieces (gained 5).
Found a falchion.
No target in view!
An adder comes into view.
The adder hisses angrily.
Unknown command.
An adder is nearby!
You shoot an arrow. The arrow misses the adder.
The adder bites you.
Unknown command.
You shoot an arrow. The arrow hits the adder.
The adder is moderately wounded.
The adder bites you.
You are poisoned.
The adder poisons you! The adder bites you but does no damage.
An adder is nearby!
Unknown command.
You shoot an arrow. The arrow hits the adder!
The adder is almost dead.
You feel sick. The adder bites you.
Unknown command.
An adder is nearby!
Unknown command.
You shoot an arrow. The arrow misses the adder.
You feel sick. The adder bites you but does no damage. The adder bites you.
You are more poisoned.
The adder poisons you!
An adder is nearby!
You shoot an arrow. The arrow closely misses the adder.
You feel sick. The adder closely misses you. The adder bites you.
Unknown command.
Unknown command.
Are you sure you want to abandon this character and quit the game? (Confirm with "yes".)
Okay, then.
Unknown command.
Are you sure you want to abandon this character and quit the game? (Confirm with "yes".)

#.........#
#.........#
#.........#
####....### #....#
#....# ####
########....#
...).#####...........#
......S@.........###.#
.....##..........# #.#
... #..........# #.# .
#.....)....# .#
#..........#
#...##.##### #...##.#
#...##.# ######.#


You could see an adder.

Vanquished Creatures
  A gnoll (D:1)
  An adder (D:2)
  A dart slug (D:2)
  An orc (D:2)
  A ball python (D:1)
  A bat (D:1)
  5 endoplasms
  A giant cockroach (D:1)
  A goblin (D:1)
  4 hobgoblins (D:1)
  2 frilled lizards (D:1)
  4 kobolds (D:1)
  3 rats
26 creatures vanquished.

Notes
Turn   | Place    | Note
-------+----------+-------------------------------------------
     0 | D:1      | Morbidden the Troll Hunter began the quest for the Orb.
     0 | D:1      | Reached XP level 1. HP: 19/19 MP: 0/0
    77 | D:1      | Reached XP level 2. HP: 26/28 MP: 1/1
   164 | D:1      | Reached skill level 3 in Ranged Weapons
   329 | D:1      | Found a faded altar of an unknown god.
   335 | D:1      | Got Plato's Handbook of Ignition
   358 | D:1      | Prayed at the altar of an unknown god.
   358 | D:1      | Became a worshipper of Makhleb the Destroyer
   358 | D:1      | Reached * piety under Makhleb
   374 | D:1      | Reached XP level 3. HP: 25/35 MP: 2/2
   673 | D:2      | Quit the game

Illustrated notes

Levels and vault maps discovered:
D:1:      dpeg_arrival_solitude, layout_loops_ring,
          shapermc_ecumenical_altar_rom_forum, minmay_pentomino_w4
D:2:      layout_basic, minmay_misc_feat_ornament, bh_walls_and_bars

Skill      XL: |  1  2 |
---------------+-------+-----
Ranged Weapons | 3 |  3.2
Fighting       | 2 |  2.2
Dodging        | |  1.7
Stealth        | |  0.3
Unarmed Combat | |  0.3

Action                   || total
-------------------------++-------
 Fire: Shortbow          ||    78
Armor: Robe              ||    11
Dodge: Dodged            ||    20

Table legend: (Time is in decaauts)
 A = Elapsed time spent in this place.
 B = Non-inter-level travel time spent in this place.
 C = Inter-level travel time spent in this place.
 D = Time resting spent in this place.
 E = Time spent auto-exploring this place.
 F = Levels seen in this place.
 G = Mean time per level.
                   A        B        C        D        E       F      G
               +--------+--------+--------+--------+--------+-----+--------+
         Total |    699 |    681 |     18 |      0 |    511 |   2 |  349.5 |
       Dungeon |    699 |    681 |     18 |      0 |    511 |   2 |  349.5 |
               +--------+--------+--------+--------+--------+-----+--------+

Top non-repeatable levels by time:
     D:1: 576 daAuts
     D:2: 123 daAuts
